 Dungeon Crawl Stone Soup version 0.22.0-49-gab54619 (webtiles) character file.

57 Markonkel the Cudgeler (level 3, 0/36 HPs)
             Began as a Troll Berserker on Sept 6, 2018.
             Was a Believer of Trog.
             Slain by an ice beast (13 damage)
             ... on level 4 of the Dungeon.
             The game lasted 00:10:25 (1933 turns).

Markonkel the Cudgeler (Troll Berserker)            Turns: 1933, Time: 00:10:26

Health: 0/36       AC:  5    Str: 26    XL:     3   Next: 73%
Magic:  2/2        EV: 10    Int:  3    God:    Trog [**....]
Gold:   62         SH:  0    Dex:  9    Spells: 2/2 levels left

rFire    . . .     SeeInvis .   r - +1 hand axe (chop)
rCold    . . .     Gourm    +   (no shield)
rNeg     . . .     Faith    .   b - +0 animal skin
rPois    .         Spirit   .   (helmet restricted)
rElec    .         Reflect  .   (no cloak)
rCorr    .         Harm     .   (gloves unavailable)
MR       .....                  (boots unavailable)
Stlth    +.........             (no amulet)
HPRegen  0.52/turn              (no ring)
MPRegen  0.08/turn              (no ring)

@: no status effects
A: large, unfitting armour, claws 3, fast metabolism 3, gourmand, regeneration
1, shaggy fur 1, tough skin 2
a: Berserk, Trog's Hand, Renounce Religion


You were on level 4 of the Dungeon.
You worshipped Trog.
Trog was pleased with you.
You were full.

You visited 1 branch of the dungeon, and saw 4 of its levels.

You collected 62 gold pieces.

Inventory:

Hand Weapons
 r - a +1 hand axe of chopping (weapon)
Armour
 a - a +0 helmet
 b - a +0 animal skin (worn)
 l - a cursed +0 ring mail
 o - a cursed -2 helmet
 p - a +0 chain mail
Wands
 q - a wand of clouds (6)
 t - a wand of flame (33)
Scrolls
 d - 2 scrolls of amnesia {unknown}
 e - a scroll of immolation {unknown}
 f - a scroll of fear {unknown}
 j - a scroll of identify {unknown}
 k - a scroll of random uselessness {unknown}
 n - 3 scrolls of blinking {unknown}
Potions
 g - a potion of heal wounds {unknown}
 h - a potion of invisibility {unknown}
 i - a potion of flight {unknown}
 m - a potion of magic {unknown}
 s - 2 potions of degeneration {unknown}
Comestibles
 c - 3 rations


   Skills:
 + Level 2.9 Fighting
   Level 3.1 Maces & Flails
 + Level 3.1 Dodging
 + Level 0.2 Stealth


You had 2 spell levels left.
You didn't know any spells.
Your spell library was empty.

Dungeon Overview and Level Annotations

Branches:
Dungeon (4/15)
 Temple: D:4-7

Altars:
Elyvilon
Xom
Yredelemnul


Innate Abilities, Weirdness & Mutations

You are too large for most types of armour.
You have claws for hands.
Your metabolism is lightning-fast.
You like to eat raw meat.
Your natural rate of healing is unusually fast.
You are covered in fur. (AC +1)
You have very tough skin. (AC +2)


Message History

You hit the ice beast but do no damage.
The ice beast is moderately wounded.
The ice beast completely misses you.
You hit the ice beast.
The ice beast is heavily wounded.
The ice beast hits you but does no damage.
You hit the ice beast.
The ice beast is severely wounded.
The ice beast hits you. The ice beast freezes you!
The ice beast barely misses you.
You slash the ice beast!
The ice beast is almost dead.
The ice beast hits you but does no damage.
You hit the ice beast.
The ice beast is almost dead.
The ice beast hits you but does no damage.
You barely miss the ice beast.
The ice beast is almost dead.
The ice beast hits you. The ice beast freezes you!
You die...

#...###.#......
#.<.'..........
#...###'#####.#
#...#....#
#...#....# #
#...#....####+#.#
#...#.<.........#
#####...........#
#....@......#
#....Y......#
#............
...............
###.#.#........
#.#.#........ .
#.#........ .
#.#.......#


You could see an ice beast.

Vanquished Creatures
  2 adders
  A worm (D:3)
  A dart slug (D:3)
  A leopard gecko (D:3)
  An orc (D:3)
  A ball python (D:3)
  3 giant cockroaches
  4 goblins
  2 hobgoblins
  6 kobolds
  A quokka (D:2)
  3 bats
  6 rats
32 creatures vanquished.

Notes
Turn   | Place    | Note
-------+----------+-------------------------------------------
     0 | D:1      | Markonkel the Troll Berserker began the quest for the Orb.
     0 | D:1      | Reached XP level 1. HP: 22/22 MP: 0/0
   424 | D:1      | Found a shimmering altar of Xom.
   427 | D:1      | Found a burning altar of Makhleb.
   427 | D:1      | Found an ornate altar of the Wu Jian Council.
   431 | D:1      | Found a shimmering altar of Xom.
   431 | D:1      | Found a deep blue altar of Sif Muna.
   431 | D:1      | Found a blossoming altar of Fedhas.
   988 | D:2      | Reached XP level 2. HP: 23/29 MP: 1/1
  1011 | D:2      | Found a white marble altar of Elyvilon.
  1315 | D:3      | Reached XP level 3. HP: 33/36 MP: 2/2
  1739 | D:3      | Reached ** piety under Trog
  1777 | D:3      | Found a basalt altar of Yredelemnul.
  1922 | D:4      | Noticed an ice beast
  1933 | D:4      | Slain by an ice beast

Skill      XL: |  1  2  3 |
---------------+----------+-----
Maces & Flails | 3 |  3.1
Dodging        | 3 |  3.1
Fighting       | |  2.9
Stealth        | |  0.2

Action                   || total
-------------------------++-------
Melee: Mace              ||   108
       Hand axe          ||    29
  Eat: Chunk             ||    16
       Ration            ||     1
Armor: Animal skin       ||    86
Dodge: Dodged            ||   109
